 Dungeon Crawl Stone Soup version 0.21.1-1-g345015fe64 (webtiles) character file.

80519 PikkenKukken the Spear-Bearer (level 15, -17/120 HPs)
             Began as a Demonspawn Abyssal Knight on June 23, 2018.
             Was the Champion of Lugonu.
             Killed from afar by Aizul (38 damage)
             ... with a bolt of poison
             ... on level 4 of the Swamp.
             The game lasted 02:22:24 (42543 turns).

PikkenKukken the Spear-Bearer (DsAK)               Turns: 42543, Time: 02:22:25

Health: -17/120    AC: 25    Str: 18    XL:     15   Next: 24%
Magic:  0/22       EV:  7    Int: 14    God:    Lugonu [******]
Gold:   1065       SH:  0    Dex: 13    Spells: 14/14 levels left

rFire    + + .     SeeInvis .   D - +1 demon trident (vamp)
rCold    . . .     Gourm    .   K - +3 buckler
rNeg     . . .     Faith    .   G - +0 plate armour
rPois    .         Spirit   +   (helmet restricted)
rElec    .         Reflect  .   w - scarf {repulsion}
rCorr    .         Harm     .   d - +3 pair of gauntlets of War {Slay+5}
MR       +....                  (boots unavailable)
Stlth    ..........             l - amulet of rage
HPRegen  0.30/turn              v - ring of protection from fire
MPRegen  0.36/turn              V - +2 ring of protection

@: confused, lethally poisoned (-17 -> -51), berserk cooldown, slowed, repel
missiles, very slow
A: antennae 1, hooves 3, thin metallic scales 2, demonic guardian 2, fire
resistance 1, magic shield, magic regeneration, MP-powered wands
a: Depart the Abyss, Bend Space, Banish, Corrupt, Enter the Abyss, Brand Weapon
With Distortion, Renounce Religion, Evoke Berserk Rage


You were on level 4 of the Swamp.
You worshipped Lugonu.
Lugonu was exalted by your worship.
You were not hungry.

You visited 4 branches of the dungeon, and saw 24 of its levels.
You visited the Abyss 1 time.
You also visited: Ice Cave.

You collected 4185 gold pieces.
You spent 3120 gold pieces at shops.

Inventory:

Hand Weapons
 a - a +7 trident of freezing
 b - a +0 hand crossbow
 D - a +1 vampiric demon trident (weapon)
Missiles
 q - 104 bolts
Armour
 d - the +3 pair of gauntlets of War (worn) {Slay+5}
   (You bought it in a shop on level 2 of the Orcish Mines)

   It affects your accuracy and damage with ranged weapons and melee attacks
   (+5).
 n - a +1 buckler of cold resistance
 p - a +2 pair of boots of running
 w - a scarf of repulsion (worn)
 x - a +2 helmet
 G - a +0 plate armour (worn)
 K - a +3 buckler (worn)
 P - a +0 chain mail
Jewellery
 h - an uncursed ring of poison resistance
 l - an amulet of rage (around neck)
 v - a ring of protection from fire (left hand)
 B - an uncursed ring of flight
 F - an uncursed ring of fire
 V - a +2 ring of protection (right hand)
Wands
 g - a wand of flame (63)
 r - a wand of iceblast (25)
 u - a wand of random effects (106)
 z - a wand of acid (10)
 N - a wand of polymorph (16)
Scrolls
 f - 7 scrolls of blinking
 j - 8 scrolls of remove curse
 k - 14 scrolls of teleportation
 o - 6 scrolls of fear
 t - 2 scrolls of fog
 y - 4 scrolls of magic mapping
 A - 9 scrolls of identify
 E - 2 scrolls of silence
 I - 4 scrolls of enchant armour
 J - 2 scrolls of summoning
 L - a scroll of brand weapon
 M - a scroll of holy word {unknown}
Potions
 e - a potion of resistance
 m - 2 potions of haste
 s - 6 potions of flight
 C - 3 potions of might
 H - a potion of berserk rage
 R - a potion of curing
 T - a potion of brilliance
 U - 2 potions of heal wounds
Miscellaneous
 i - a phial of floods
Comestibles
 c - 19 rations


   Skills:
 + Level 12.1 Fighting
 + Level 13.8 Polearms
 - Level 6.9 Crossbows
 + Level 12.1 Armour
 - Level 0.8 Dodging
 + Level 9.4 Shields
 + Level 9.5 Invocations
 + Level 3.1 Evocations


You had 14 spell levels left.
You didn't know any spells.

Dungeon Overview and Level Annotations

Branches:
Dungeon (12/15)            Temple (0/1) D:6            Lair (6/6) D:8
  Swamp (4/4) Lair:2        Snake (0/4) Lair:2        Slime (0/5) Lair:5
    Orc (2/2) D:12            Elf (0/3) Orc:2

Altars:
Ashenzari
Cheibriados
Dithmenos
Fedhas
Hepliaklqana
Kikubaaqudgha
Nemelex Xobeh
Sif Muna
Trog
Vehumet
Wu Jian
Xom
Yredelemnul
Beogh
Jiyva

Shops:
D:6 ([?*(   D:10 (   D:12 %:?   Orc:2 ![*}

Annotations:
Swamp:1 exclusion: Roxanne, Roxanne
Swamp:4 Aizul


Innate Abilities, Weirdness & Mutations

You have hooves in place of feet.
You are mostly covered in thin metallic scales. (AC +3)
A demonic guardian rushes to your aid.
Your flesh is heat resistant. (rF+)
When hurt, damage is shared between your health and your magic reserves.
You regenerate magic rapidly.
You have a pair of small antennae on your head.
You expend magic power (3 MP) to strengthen your wands.


Message History

You are more poisoned.
Your smoke demon gestures at Aizul.
Aizul is smitten.
Aizul hits you but does no damage. The swamp drake bites you!
* * * LOW HITPOINT WARNING * * *
Your smoke demon closely misses the swamp drake.
Your smoke demon hits the swamp drake. x2; Aizul hits you but does no damage.
The swamp drake bites your smoke demon.
In your confused state, you trip and fall back down the stairs.
* * * LOW HITPOINT WARNING * * *
You feel very sick. Aizul hits you!
* * * LOW HITPOINT WARNING * * *
Your smoke demon gestures at the swamp drake.
The sticky flame hits the swamp drake.
The swamp drake dies!
Lugonu accepts your kill.
Aizul coils herself and waves her upper body at you.
The bolt of poison hits you!
You are lethally poisoned!
You die...

♣[≈≈ ..≈≈≈ # ..≈≈≈≈ ..
≈≈≈....♣♣♣♣ ≈.≈ ≈≈≈≈.......♣
♣♣♣ .≈#
≈≈≈≈...≈.≈≈.♣♣♣♣♣♣♣.♣♣ .≈#
.≈§≈≈≈..≈≈≈≈..≈♣@3♣...♣###≈)#
..≈≈...≈≈≈≈≈<≈)SD♣♣......≈.♣
≈≈≈≈...≈≈≈≈≈≈≈≈.≈.≈≈..≈.≈.≈♣
≈≈≈≈♣.≈≈≈≈..≈≈≈♣≈.≈..S...≈.♣
≈≈≈≈..≈≈≈≈≈≈.≈≈≈♣.≈≈..♣###≈.#
≈≈.≈≈.≈≈≈≈≈≈§..≈≈≈≈≈.♣♣ #≈.#
≈≈≈≈≈≈≈.....≈.≈♣.≈≈≈.♣ #.≈#
≈≈≈≈≈≈≈.≈.....♣♣.≈≈.♣♣ #≈≈≈
≈≈.......≈≈≈..♣♣≈.≈♣♣ #≈.


You could see Aizul, a swamp dragon and a friendly smoke demon.

Vanquished Creatures
  A tentacled monstrosity (Swamp:3)
  The ghost of spacerossing the Severer, a journeyman FoFi of Okawaru (Orc:2)
  14 hydras
  2 alligators
  A sun demon (Lair:6)
  Nergalle (Orc:1)
  3 skeletal warriors (D:12)
  The ghost of Jannitor the Vexing, a novice DsEn of Okawaru (D:7)
  2 shambling mangroves
  A wizard (Lair:6)
  A swamp dragon (Swamp:3)
  An orc knight (Orc:2)
  A lindwurm (Lair:6)
  4 orc sorcerers (Orc:2)
  A manticore (D:12)
  An ugly thing (D:11)
  2 black mambas
  An elephant (Lair:4)
  2 ice statues (IceCv)
  A gargoyle (D:12)
  11 spiny frogs
  7 rime drakes
  4 kobold demonologists (D:11)
  6 komodo dragons
  3 ice devils (IceCv)
  4 trolls
  7 blink frogs
  5 tyrant leeches
  7 hornets
  24 slime creatures
  7 hippogriffs
  7 bog bodies
  A dream sheep (Lair:4)
  3 spriggans
  4 shadows
  3 wyverns
  5 wraiths
  25 yaks
  A human (shapeshifter) (D:11)
  Grum (D:10)
  12 vampire mosquitoes
  A hungry ghost (D:12)
  22 swamp worms
  4 insubstantial wisps (Swamp:2)
  4 wargs
  4 acid dragons
  6 water moccasins
  2 porcupines
  2 hell hounds (Lair:6)
  A black bear (D:7)
  17 orc warriors
  8 swamp drakes
  6 sky beasts
  8 ogres
  3 phantoms
  7 wolves
  3 centaurs
  8 crocodiles
  6 big kobolds
  10 bullfrogs
  2 gnoll sergeants
  6 scorpions
  6 killer bees
  7 wights
  2 electric eels
  5 howler monkeys
  3 crimson imps
  A centaur zombie (D:6)
  A bullfrog zombie (D:6)
  6 hounds
  A quasit (D:10)
  2 centaur skeletons
  6 jellies
  20 orc priests
  31 orc wizards
  2 iguanas (D:9)
  3 hell rats
  6 worker ants
  A killer bee zombie (D:6)
  A hound skeleton (D:9)
  A howler monkey zombie (D:11)
  2 worker ant zombies
  9 adders
  8 gnolls
  2 shadow imps
  8 white imps (IceCv)
  5 ufetubi (IceCv)
  4 adder skeletons
  2 worms
  A dart slug (D:1)
  4 leopard geckos
  64 orcs
  7 bats
  3 giant cockroaches
  6 goblins
  4 hobgoblins
  10 jackals
  16 kobolds
  5 quokkas
  3 ball pythons
  5 frilled lizards
  2 jackal zombies
  A quokka skeleton (D:4)
  6 rats
  A plant (Lair:6)
602 creatures vanquished.

Vanquished Creatures (collateral kills)
  Jorgrun (Swamp:3)
  A dire elephant (Lair:5)
  Josephine (Orc:1)
  The ghost of Neverless the Fighter, a journeyman MiBe of Trog (Orc:2)
  A hydra (Lair:5)
  Harold (Orc:1)
  Erolcha (D:9)
  A catoblepas (Lair:6)
  An alligator (Swamp:2)
  3 two-headed ogres
  An orc high priest (Orc:2)
  A spriggan (Swamp:4)
  2 orc sorcerers (Orc:2)
  A black mamba (Lair:6)
  10 elephants
  8 spiny frogs
  A komodo dragon (Lair:3)
  3 rime drakes
  A red devil (Lair:6)
  4 ice devils
  A troll (D:11)
  3 hornets
  14 blink frogs
  5 slime creatures
  6 dream sheep
  4 hippogriffs
  A wraith (Orc:1)
  11 yaks
  3 basilisks
  A wyvern (Lair:1)
  2 vampire mosquitoes (Swamp:2)
  2 swamp worms
  An acid dragon (D:12)
  Duvessa (D:5)
  A hell hound (Lair:6)
  A porcupine (Lair:5)
  A sky beast (D:8)
  A swamp drake (Swamp:4)
  2 ice beasts
  An ogre (D:5)
  4 wolves
  A centaur (D:3)
  2 crocodiles
  4 bullfrogs
  Dowan (D:5)
  A howler monkey (D:10)
  A crimson imp (D:9)
  3 hounds (Lair:2)
  5 orc priests
  3 orc wizards
  A worker ant (D:8)
  A leopard gecko (D:5)
  An orc (Orc:2)
  A plant (Lair:5)
135 creatures vanquished.

Vanquished Creatures (others)
  A spiny frog (Lair:2)
  A bog body (Swamp:4)
  2 hungry ghosts (D:11)
  A crocodile (D:12)
  A killer bee (D:7)
  A jelly (D:7)
  An iguana (D:7)
  An orc wizard (D:11)
  3 worker ants (D:7)
  A hell rat (Lair:5)
  4 white imps (IceCv)
  2 ufetubi (IceCv)
  An orc (D:7)
  A jackal (D:7)
  A bush (Lair:6)
  28 fungi
  4 plants (Lair:6)
54 creatures vanquished.

Grand Total: 791 creatures vanquished

Notes
Turn   | Place    | Note
-------+----------+-------------------------------------------
     0 | Abyss:1  | PikkenKukken the Demonspawn Abyssal Knight began the quest for the Orb.
     0 | Abyss:1  | Reached XP level 1. HP: 18/18 MP: 2/2
    66 | D:1      | Escaped the Abyss
   219 | D:1      | Gained mutation: A weak demonic guardian rushes to your aid. [demonic ancestry]
   219 | D:1      | Reached XP level 2. HP: 22/24 MP: 3/3
   534 | D:1      | Reached skill level 2 in Polearms
   567 | D:1      | Reached * piety under Lugonu
  1261 | D:2      | Found a basalt altar of Yredelemnul.
  1278 | D:2      | Reached XP level 3. HP: 29/29 MP: 4/4
  1605 | D:2      | Found a hazy altar of Hepliaklqana.
  1631 | D:2      | Reached skill level 1 in Shields
  1753 | D:2      | Found a sparkling altar of Nemelex Xobeh.
  2049 | D:2      | Gained mutation: Scrolls take you a little longer to read. [potion of mutation]
  2049 | D:2      | Gained mutation: Your spells are a little harder to cast, but a little more powerful. [potion of mutation]
  2326 | D:3      | Found a bloodstained altar of Trog.
  2356 | D:3      | Noticed a bullfrog
  2373 | D:3      | Killed a bullfrog
  2373 | D:3      | Gained mutation: A demonic guardian rushes to your aid. [demonic ancestry]
  2373 | D:3      | Reached XP level 4. HP: 15/37 MP: 5/5
  2766 | D:3      | Found a shattered altar of Ashenzari.
  2801 | D:3      | Noticed a centaur
  2805 | D:3      | Killed a centaur
  2805 | D:3      | Gained mutation: When hurt, damage is shared between your health and your magic reserves. [demonic ancestry]
  2805 | D:3      | Reached XP level 5. HP: 38/42 MP: 6/6
  3571 | D:4      | Reached skill level 3 in Polearms
  4852 | D:5      | Entered Level 5 of the Dungeon
  4872 | D:5      | Noticed Duvessa
  4873 | D:5      | Noticed Dowan
  4879 | D:5      | Killed Duvessa
  4879 | D:5      | Reached XP level 6. HP: 44/48 MP: 5/7
  4884 | D:5      | Killed Dowan
  5022 | D:5      | Reached skill level 1 in Crossbows
  5279 | D:5      | Reached XP level 7. HP: 55/55 MP: 8/8
  5280 | D:5      | Reached ** piety under Lugonu
  5628 | D:6      | Found Opleicw's Weapon Boutique.
  5700 | D:6      | Found Xas Hiku's General Store.
  5741 | D:6      | Found Zyrchawia's Magic Scroll Boutique.
  5854 | D:6      | Bought a scroll of identify for 28 gold pieces
  5854 | D:6      | Bought a scroll of identify for 28 gold pieces
  5940 | D:6      | Found a staircase to the Ecumenical Temple.
  5958 | D:6      | Reached skill level 5 in Fighting
  5958 | D:6      | Reached skill level 4 in Polearms
  6172 | D:6      | Gained mutation: You are partially covered in thin metallic scales. (AC +2) [demonic ancestry]
  6172 | D:6      | Reached XP level 8. HP: 49/62 MP: 7/9
  6307 | D:6      | Found Hurgh's Armour Shoppe.
  7119 | D:6      | Found a shadowy altar of Dithmenos.
  7153 | D:6      | Found Piuvukace's Antique Weapon Shop.
  7721 | D:7      | Reached *** piety under Lugonu
  7721 | D:7      | Reached skill level 5 in Armour
  7745 | D:7      | Reached skill level 5 in Polearms
  8171 | D:7      | Found an ancient bone altar of Kikubaaqudgha.
  8171 | D:7      | Found a deep blue altar of Sif Muna.
  8173 | D:7      | Found a radiant altar of Vehumet.
  8176 | D:7      | Identified Vehumet's Compendium of Blows and Bruises
  8215 | D:7      | Noticed Jannitor's ghost (novice DsEn)
  8223 | D:7      | Reached XP level 9. HP: 69/69 MP: 10/10
  8281 | D:7      | Killed Jannitor's ghost
  8281 | D:7      | Reached skill level 5 in Shields
  8443 | D:7      | Found a shimmering altar of Xom.
  8609 | D:7      | Found a shimmering altar of Xom.
  8906 | D:7      | Found a blossoming altar of Fedhas.
  9354 | D:8      | Reached skill level 6 in Polearms
  9665 | D:8      | Reached **** piety under Lugonu
 10156 | D:8      | Found an ornate altar of the Wu Jian Council.
 10557 | D:8      | Found a snail-covered altar of Cheibriados.
 10574 | D:8      | Noticed a two-headed ogre
 10596 | D:8      | Killed a two-headed ogre
 10845 | D:8      | Reached XP level 10. HP: 76/79 MP: 13/13
 11097 | D:8      | Reached skill level 5 in Invocations
 11971 | D:8      | Found a staircase to the Lair.
 12215 | Lair:1   | Entered Level 1 of the Lair of Beasts
 12256 | Lair:1   | Noticed a seven-headed hydra
 12257 | Lair:1   | Noticed a spiny frog
 12260 | Lair:1   | Killed a spiny frog
 12269 | Lair:1   | Killed a seven-headed hydra
 12269 | Lair:1   | Reached skill level 7 in Polearms
 12269 | Lair:1   | Reached skill level 5 in Crossbows
 12269 | Lair:1   | Reached skill level 1 in Evocations
 12578 | Lair:1   | Noticed a spiny frog
 12788 | D:8      | Killed a spiny frog
 13476 | Lair:1   | HP: 1/80 [blink frog (4)]
 13879 | Lair:2   | Gained mutation: You have large cloven feet. [demonic ancestry]
 13879 | Lair:2   | Reached XP level 11. HP: 77/86 MP: 14/16
 14068 | Lair:2   | Found a staircase to the Swamp.
 14607 | Lair:2   | Found a staircase to the Snake Pit.
 15047 | Lair:2   | Reached skill level 8 in Polearms
 17983 | Lair:4   | Reached skill level 9 in Polearms
 18979 | Lair:4   | Gained mutation: You regenerate magic rapidly. [demonic ancestry]
 18979 | Lair:4   | Reached XP level 12. HP: 49/94 MP: 10/18
 19303 | Lair:5   | Noticed a four-headed hydra
 19531 | Lair:4   | Killed a four-headed hydra
 19832 | Lair:5   | Noticed a five-headed hydra
 19838 | Lair:5   | Killed a five-headed hydra
 19842 | Lair:5   | Found a viscous altar of Jiyva.
 19843 | Lair:5   | Found a staircase to the Slime Pits.
 19843 | Lair:5   | Noticed a five-headed hydra
 19853 | Lair:5   | Killed a five-headed hydra
 20834 | Lair:6   | Entered Level 6 of the Lair of Beasts
 21206 | Lair:5   | Reached ***** piety under Lugonu
 21390 | Lair:6   | Reached skill level 10 in Polearms
 21432 | Lair:6   | Found a frozen archway.
 21443 | IceCv    | Entered an ice cave
 22854 | IceCv    | Reached skill level 10 in Armour
 22906 | IceCv    | Identified a +2 pair of boots of running (You found it in an ice cave)
 22912 | IceCv    | Noticed a reaper
 23589 | Lair:6   | Lost mutation: Scrolls take you a little longer to read. [potion of mutation]
 23589 | Lair:6   | Lost mutation: Your spells are a little harder to cast, but a little more powerful. [potion of mutation]
 23589 | Lair:6   | Gained mutation: You are agile. (Dex +2) [potion of mutation]
 23589 | Lair:6   | Gained mutation: Your muscles are strong. (Str +2) [potion of mutation]
 23590 | Lair:6   | Lost mutation: You are agile. (Dex +2) [potion of mutation]
 23590 | Lair:6   | Lost mutation: Your muscles are strong. (Str +2) [potion of mutation]
 23590 | Lair:6   | Gained mutation: Scrolls take you a little longer to read. [potion of mutation]
 23590 | Lair:6   | Gained mutation: Your flesh is cold resistant. (rC+) [potion of mutation]
 23618 | Lair:6   | Noticed a dire elephant
 23761 | Lair:5   | Killed a dire elephant
 24083 | Lair:6   | Noticed a catoblepas
 24133 | Lair:6   | Killed a catoblepas
 24918 | Lair:6   | Gained mutation: You have hoof-like feet. [demonic ancestry]
 24918 | Lair:6   | Reached XP level 13. HP: 67/102 MP: 16/19
 27212 | Lair:6   | Reached skill level 10 in Fighting
 27212 | Lair:6   | Reached skill level 11 in Polearms
 28046 | D:6      | Bought a scroll of brand weapon for 280 gold pieces
 28046 | D:6      | Bought a scroll of enchant weapon for 105 gold pieces
 28046 | D:6      | Bought a scroll of summoning for 133 gold pieces
 28362 | D:9      | Noticed Erolcha
 28582 | D:9      | Killed Erolcha
 28822 | D:10     | Entered Level 10 of the Dungeon
 29420 | D:10     | Found Vebbas's Antique Weapon Shoppe.
 29652 | D:10     | Noticed Grum
 29753 | D:10     | Killed Grum
 29871 | D:10     | Identified a scroll of acquirement
 30081 | D:10     | Bought a runed demon trident for 666 gold pieces
 32297 | D:12     | Found Keammuigusk's Food Boutique.
 32302 | D:12     | Bought a ration for 65 gold pieces
 32302 | D:12     | Bought a ration for 65 gold pieces
 32302 | D:12     | Bought a ration for 65 gold pieces
 32302 | D:12     | Bought a ration for 65 gold pieces
 32302 | D:12     | Bought a ration for 65 gold pieces
 32302 | D:12     | Bought a ration for 65 gold pieces
 32302 | D:12     | Bought a ration for 65 gold pieces
 32302 | D:12     | Bought a ration for 65 gold pieces
 32302 | D:12     | Bought a ration for 65 gold pieces
 32302 | D:12     | Bought a ration for 65 gold pieces
 32302 | D:12     | Bought a ration for 65 gold pieces
 32302 | D:12     | Bought a ration for 65 gold pieces
 32380 | D:12     | Found Eqaellol's Magic Scroll Shoppe.
 32546 | D:12     | Bought a scroll of enchant weapon for 120 gold pieces
 32571 | D:12     | Found a staircase to the Orcish Mines.
 32785 | D:12     | Found Ofoitoiz's Food Shoppe.
 32867 | D:12     | Reached skill level 12 in Polearms
 32910 | D:12     | Found Seiqeod's Book Boutique.
 33087 | Orc:1    | Entered Level 1 of the Orcish Mines
 33193 | Orc:1    | Noticed Josephine
 33209 | Orc:1    | Killed Josephine
 33466 | Orc:2    | Entered Level 2 of the Orcish Mines
 33468 | Orc:2    | Noticed spacerossing's ghost (journeyman FoFi)
 34051 | Orc:2    | Gained mutation: You are mostly covered in thin metallic scales. (AC +3) [demonic ancestry]
 34051 | Orc:2    | Reached XP level 14. HP: 109/111 MP: 21/21
 34130 | Orc:2    | Found a staircase to the Elven Halls.
 34271 | Orc:1    | Noticed Harold
 34473 | Orc:1    | Noticed Nergalle
 34478 | Orc:1    | Killed Harold
 34485 | Orc:1    | Killed Nergalle
 35032 | Orc:2    | Noticed Neverless's ghost (journeyman MiBe)
 35110 | Orc:2    | Killed Neverless's ghost
 35147 | Orc:2    | Killed spacerossing's ghost
 35291 | Orc:2    | Paralysed by an orc sorcerer for 7 turns
 35299 | Orc:2    | Reached ****** piety under Lugonu
 35628 | Orc:2    | Found a roughly hewn altar of Beogh.
 36485 | Orc:2    | Found Hasag's Assorted Antiques.
 36485 | Orc:2    | Found Faxuypp's Distillery.
 36485 | Orc:2    | Found Joipic Faure's Armour Shop.
 36518 | Orc:2    | Found Hocoupe's Gadget Boutique.
 36728 | Orc:2    | Paralysed by an orc sorcerer for 6 turns
 36844 | Orc:2    | Bought the +3 pair of gauntlets of War {Slay+5} for 665 gold pieces
 36844 | Orc:2    | Found the +3 pair of gauntlets of War {Slay+5}
 36856 | Orc:2    | Bought a potion of might for 60 gold pieces
 36856 | Orc:2    | Bought a potion of might for 60 gold pieces
 36856 | Orc:2    | Bought a potion of heal wounds for 75 gold pieces
 36856 | Orc:2    | Bought a potion of mutation for 120 gold pieces
 36856 | Orc:2    | Lost mutation: Scrolls take you a little longer to read. [potion of mutation]
 36856 | Orc:2    | Lost mutation: Your flesh is cold resistant. (rC+) [potion of mutation]
 36856 | Orc:2    | Gained mutation: Your magical capacity is low. (-10% MP) [potion of mutation]
 36856 | Orc:2    | Gained mutation: You evolve. [potion of mutation]
 36856 | Orc:2    | Gained mutation: Your system is resistant to poisons. (rPois) [potion of mutation]
 37344 | Swamp:1  | Entered Level 1 of the Swamp
 37984 | Swamp:1  | Noticed Roxanne
 38067 | Swamp:1  | Paralysed by a hornet for 1 turns
 38523 | Swamp:1  | Gained mutation: You have a pair of small antennae on your head. [evolution]
 38523 | Swamp:1  | Lost mutation: You evolve. [end of evolution]
 39113 | Swamp:2  | Reached skill level 13 in Polearms
 39358 | Swamp:2  | Paralysed by a hornet for 2 turns
 40969 | Swamp:3  | Noticed Jorgrun
 41001 | Swamp:3  | Killed Jorgrun
 41331 | Swamp:4  | Entered Level 4 of the Swamp
 41613 | Swamp:3  | Gained mutation: Your flesh is heat resistant. (rF+) [demonic ancestry]
 41613 | Swamp:3  | Reached XP level 15. HP: 120/120 MP: 19/19
 41616 | Swamp:4  | Noticed a tentacled monstrosity
 41666 | Swamp:3  | Killed a tentacled monstrosity
 42084 | Swamp:4  | Lost mutation: Your system is resistant to poisons. (rPois) [potion of mutation]
 42084 | Swamp:4  | Lost mutation: You have a pair of small antennae on your head. [potion of mutation]
 42084 | Swamp:4  | Lost mutation: Your magical capacity is low. (-10% MP) [potion of mutation]
 42084 | Swamp:4  | Gained mutation: You have a pair of small antennae on your head. [potion of mutation]
 42084 | Swamp:4  | Gained mutation: You expend magic power (3 MP) to strengthen your wands. [potion of mutation]
 42084 | Swamp:4  | Gained mutation: You have hooves in place of feet. [potion of mutation]
 42110 | Swamp:4  | Noticed Aizul
 42543 | Swamp:4  | Killed from afar by Aizul

Skill      XL: |  1  2  3  4  5  6  7  8  9 10 11 12 13 14 15 |
---------------+----------------------------------------------+-----
Armour         | 2 3 4 5 6 7 9 10 11 12 | 12.1
Polearms       | 2 3 4 5 6 7 9 10 12 13 | 13.8
Shields        | 1 2 3 4 5 6 7 8 9 |  9.4
Fighting       | 4 5 6 7 8 9 10 11 12 | 12.1
Crossbows      | 1 2 4 5 6 |  6.9
Invocations    | 4 7 8 9 |  9.5
Evocations     | 1 2 3 |  3.1
Dodging        | |  0.8

Action                   |  1- 3 |  4- 6 |  7- 9 | 10-12 | 13-15 || total
-------------------------+-------+-------+-------+-------+-------++-------
Melee: Spear             |   161 |   171 |   471 |     5 |       ||   808
       Glaive            |       |       |   165 |   141 |       ||   306
       Trident           |       |       |       |   754 |   541 ||  1295
       Kick              |       |       |       |   198 |     3 ||   201
       Demon trident     |       |       |       |       |  1794 ||  1794
 Fire: Hand crossbow     |       |    27 |    81 |   133 |    50 ||   291
Invok: Depart the Abyss  |     1 |       |       |       |       ||     1
       Banish            |       |       |       |    11 |     3 ||    14
       Bend Space        |       |       |       |     1 |       ||     1
 Abil: Evoke Berserk Rag |       |       |     3 |     8 |    12 ||    23
  Use: Scroll            |     9 |     2 |     4 |     4 |    16 ||    35
       Potion            |     6 |       |     4 |    10 |     4 ||    24
 Stab: Distracted        |       |       |     1 |     1 |     2 ||     4
       Confused          |       |       |       |       |     1 ||     1
  Eat: Chunk             |     5 |     6 |     4 |    15 |    29 ||    59
       Ration            |       |     1 |     5 |    12 |    14 ||    32
Armor: Leather armour    |     9 |       |       |       |       ||     9
       Scale mail        |    26 |    56 |       |       |       ||    82
       Chain mail        |       |    30 |   376 |   454 |    10 ||   870
       Plate armour      |       |       |       |       |  1243 ||  1243
Dodge: Dodged            |    48 |    51 |   204 |   213 |   435 ||   951
       Deflected         |       |       |     6 |     7 |    17 ||    30
Block: Buckler           |    21 |    26 |    68 |    35 |   689 ||   839
       Shield            |       |       |       |   271 |    53 ||   324
